Map: Cyber Forest LE

Players

Stnicholas - Winner!

  • Race: Terran Terran
  • League: Platinum
  • Spawn Location: 11:00

GridiroN

  • Race: Protoss Protoss
  • League: Platinum
  • Spawn Location: 5:00

VOD

Have the link to the VOD?

Description

Time

  • Played on: May 4, 2019, 8:34 p.m.
  • Length: 9:49
Show
View Real Time Build Order
Export as new Build Order

Stnicholas Terran - Winner!

Build Orders: Liberator Opening 

Get SALT Encoding   

  12  0:02  SCV  
  13  0:15  SCV  
  13  0:17  Supply Depot  
  14  0:27  SCV  
  15  0:31  Refinery  
  15  0:39  SCV  
  16  0:45  Barracks  
  16  0:56  SCV  
  17  1:08  SCV  
  17  1:11  Refinery  
  18  1:20  SCV  
  19  1:33  Reaper  
  19  1:36  Orbital Command  
  20  1:49  Factory  
  20  1:53  Supply Depot  
  20  2:02  SCV  
  21  2:11  Barracks Tech Lab  
  21  2:14  SCV  
  22  2:26  SCV  
  23  3:05  Cyclone  
  25  3:06  Barracks Tech Lab  
  25  3:07  Command Center  
  25  3:10  Starport  
  25  3:12  Barracks Reactor  
  25  3:14  SCV  
  26  3:26  SCV  
  27  3:27  Supply Depot  
  26  3:38  SCV  
  27  3:44  Liberator  
  27  3:57  Cyclone  
  27  3:58  SCV  
  34  4:03  Marine x2  
  36  4:16  Supply Depot  
  36  4:21  Marine x2  
  38  4:29  Cyclone  
  41  4:37  SCV, Refinery  
  42  4:39  Marine x2  
  42  4:41  Engineering Bay  
  42  4:44  Barracks, Starport Reactor  
  44  4:47  Orbital Command  
  44  4:57  SCV  
  44  4:58  Marine x2  
  47  5:14  Liberator  
  47  5:22  SCV  
  47  5:26  SCV  
  47  5:27  Marine  
  47  5:28  Marine  
  51  5:29  Cyclone  
  51  5:34  SCV, Barracks Tech Lab  
  58  5:38  SCV  
  59  5:51  SCV  
  59  5:54  SCV  
  61  6:03  SCV  
  62  6:06  SCV  
  63  6:13  Mag-Field Accelerator  
  63  6:15  SCV, Cyclone  
  63  6:16  Marine x2  
  69  6:19  Concussive Shells  
  69  6:26  Marauder, Barracks  
  69  6:30  Supply Depot  
  71  6:34  Marine x2  
  73  6:46  SCV  
  71  6:57  Liberator  
  71  6:58  SCV, Command Center, Liberator  
  72  7:02  SCV, Supply Depot  
  72  7:07  Cyclone  
  76  7:08  Marine x2  
  76  7:10  Marauder  
  76  7:11  Combat Shield  
  86  7:17  Barracks Reactor  
  86  7:24  SCV x2  
  86  7:25  Supply Depot  
  88  7:31  Supply Depot  
  88  7:36  SCV x2  
  90  7:40  Liberator x2  
  90  7:43  Cyclone  
  93  7:50  Factory  
  93  7:52  SCV x2  
  93  7:57  Refinery  
  101  8:04  SCV  
  102  8:05  Refinery  
  102  8:08  Marine x2, Marauder  
  102  8:09  Marine x2  
  102  8:10  Refinery  
  109  8:12  SCV  
  109  8:16  Orbital Command, SCV  
  110  8:26  Liberator  
  110  8:29  Marine x4, Marauder  
  110  8:33  Cyclone  
  119  8:36  Factory Tech Lab  
  119  8:40  Medivac  
  121  8:46  Marine  
  125  8:59  Marine x2, Supply Depot, Marauder  
  125  9:00  Supply Depot  
  125  9:01  Supply Depot  
Show
View Real Time Build Order
Export as new Build Order

GridiroN Protoss 

Build Orders:  

Get SALT Encoding   

  12  0:00  Probe  
  13  0:13  Probe  
  14  0:20  Pylon  
  14  0:25  Probe  
  15  0:35  Probe  
  15  0:40  Gateway  
  16  0:43  Probe  
  17  0:52  Assimilator  
  17  0:53  Probe  
  18  1:04  Gateway  
  18  1:09  Probe  
  19  1:21  Probe  
  20  1:35  Assimilator  
  20  1:39  Cybernetics Core  
  20  1:41  Probe  
  21  1:53  Probe  
  22  2:00  Pylon  
  22  2:04  Pylon  
  22  2:05  Probe  
  23  2:18  Adept x2, Probe  
  26  3:04  Adept  
  26  3:05  Adept  
  30  3:10  Nexus  
  30  3:11  Robotics Facility  
  30  3:15  Shield Battery  
  30  3:16  Pylon  
  30  3:22  Probe  
  31  3:34  Probe  
  31  3:38  Shield Battery  
  30  3:52  Probe  
  30  3:53  Gateway  
  30  3:54  Gateway  
  29  3:59  Observer  
  30  4:04  Probe  
  31  4:10  Warp Gate  
  31  4:14  Probe  
  31  4:16  Robotics Bay  
  32  4:19  Shield Battery  
  32  4:22  Probe x2  
  34  4:44  Adept x2  
  38  4:46  Adept  
  38  4:47  Adept  
  38  4:49  Observer  
  42  4:58  Twilight Council  
  42  5:02  Probe x2  
  44  5:18  Probe, Observer  
  44  5:19  Probe  
  44  5:27  Probe x2  
  48  5:35  Resonating Glaives  
  48  5:36  Probe  
  56  5:57  Pylon  
  48  6:03  Stalker  
  48  6:04  Stalker x3  
  53  6:11  Probe x2  
  56  6:12  Assimilator  
  56  6:17  Shield Battery  
  56  6:19  Colossus  
  56  6:21  Probe  
  56  6:23  Probe  
  64  6:29  Pylon  
  64  6:32  Probe  
  64  6:36  Probe  
  64  6:38  Observer  
  66  6:46  Adept x3  
  70  6:54  Probe x2  
  70  6:55  Pylon  
  72  7:16  Nexus  
  72  7:21  Pylon  
  72  7:22  Colossus  
  78  7:27  Probe  
  78  7:28  Probe  
  80  7:31  Assimilator  
  80  7:33  Extended Thermal Lance  
  80  7:41  Dark Shrine  
  80  7:49  Gateway  
  80  7:52  Gateway  
  80  7:57  Pylon  
  80  8:04  Probe x2  
  80  8:05  Assimilator  
  82  8:07  Pylon  
  82  8:12  Adept x2  
  86  8:16  Probe  
  86  8:17  Colossus  
  87  8:21  Templar Archives  
  93  8:34  Shield Battery  
  93  8:38  Shield Battery  
  93  8:39  Observer  
  93  8:41  Shield Battery  
  93  8:43  Adept x2  
  93  8:45  Adept  
  93  8:48  Adept  
  101  8:53  Stalker  
  103  8:56  Adept  
  103  9:02  Probe x2  
  107  9:03  Probe  
  107  9:07  Adept x2  
  107  9:09  Adept  
  82  9:25  Stalker x3  
  54  9:37  Dark Templar x2  
Tags
 
Add a new tag
Caveats
  • Supply blocks, unpowered buildings, or Contaminate may cause inaccurate times.
  • Supply counts are checked every 10 seconds.